 Dungeon Crawl Stone Soup version 0.22.1 (webtiles) character file.

3689 lysyklops the Basher (level 9, 76/83 HPs)
             Began as a Minotaur Fighter on Sept 18, 2018.
             Was a Follower of the Shining One.
             Quit the game on level 5 of the Dungeon.
             The game lasted 00:13:01 (4305 turns).

lysyklops the Basher (Minotaur Fighter)             Turns: 4305, Time: 00:13:02

Health: 76/83      AC: 11    Str: 23    XL:     9   Next: 90%
Magic:  7/17       EV:  8    Int: 12    God:    the Shining One [*.....]
Gold:   223        SH: 12    Dex: 18    Spells: 8/8 levels left

rFire    x . .     SeeInvis .   B - +1 spear of Dissatisfaction {freeze, *Slow rF- MP+9 Dex+8}
rCold    . . .     Gourm    .   c - +0 shield
rNeg     . . .     Faith    .   b - +0 scale mail
rPois    +         Spirit   .   (helmet restricted)
rElec    .         Reflect  .   (no cloak)
rCorr    +         Harm     .   n - +0 pair of gloves
MR       .....                  D - +0 pair of boots "Upurr" {+Blink Int+6 Slay-3} (curse)
Stlth    ..........             A - amulet of rage
HPRegen  0.23/turn              k - ring of resist corrosion
MPRegen  0.15/turn              u - ring of poison resistance

@: glowing
A: retaliatory headbutt, horns 2
a: Renounce Religion, Evoke Blink, Evoke Berserk Rage


You were on level 5 of the Dungeon.
You worshipped the Shining One.
The Shining One was aware of your devotion.
You were not hungry.

You visited 1 branch of the dungeon, and saw 5 of its levels.

You collected 223 gold pieces.

Inventory:

Hand Weapons
 a - a +0 long sword
 B - the +1 spear of Dissatisfaction (weapon) {freeze, *Slow rF- MP+9 Dex+8}
   (You found it on level 5 of the Dungeon)

   It has been specially enchanted to freeze those struck by it, causing extra
   injury to most foes and up to half again as much damage against particularly
   susceptible opponents.
   It can also slow down cold-blooded creatures.
   It affects your dexterity (+8).
   It makes you vulnerable to fire.
   It affects your magic capacity (+9).
   It may slow you when you take damage.
Armour
 b - a +0 scale mail (worn)
 c - a +0 shield (worn)
 n - a +0 pair of gloves (worn)
 D - the cursed +0 pair of boots "Upurr" (worn) {+Blink Int+6 Slay-3}
   (You found it on level 5 of the Dungeon)

   It affects your intelligence (+6).
   It affects your accuracy and damage with ranged weapons and melee attacks
   (-3).
   It lets you blink.
   It has a curse placed upon it.
Jewellery
 k - a ring of resist corrosion (left hand)
 m - an uncursed ring of wizardry
 s - an uncursed ring of positive energy
 u - a ring of poison resistance (right hand)
 A - an amulet of rage (around neck)
Wands
 t - a wand of disintegration (19)
Scrolls
 e - 5 scrolls of teleportation
 g - 3 scrolls of remove curse
 h - 5 scrolls of identify
 j - a scroll of enchant armour {unknown}
 p - 2 scrolls of noise {unknown}
 r - a scroll of fear {unknown}
 x - a scroll of immolation {unknown}
 y - a scroll of amnesia {unknown}
 C - a scroll of fog {unknown}
Potions
 d - 2 potions of might
 i - 3 potions of curing
 l - a potion of cancellation {unknown}
 o - a potion of haste {unknown}
 v - a potion of magic {unknown}
 w - 2 potions of mutation {unknown}
 z - a potion of degeneration {unknown}
Comestibles
 f - 7 rations


   Skills:
 + Level 9.1 Fighting
 + Level 5.8 Long Blades
   Level 13.5 Maces & Flails
 + Level 9.1 Armour
 + Level 9.0 Shields


You had 8 spell levels left.
You didn't know any spells.
Your spell library was empty.

Dungeon Overview and Level Annotations

Branches:
Dungeon (5/15)             Temple (0/1) D:4

Altars:
Trog
Uskayaw
Vehumet
The Shining One

Annotations:
D:4 exclusion: statue


Innate Abilities, Weirdness & Mutations

You reflexively headbutt those who attack you in melee.
You have a pair of horns on your head.


Message History

A - an amulet of rage (around neck)
As you read the scroll of identify, it crumbles to dust.
q - 2 potions of experience You feel more experienced!
Your Maces & Flails skill gained 13 levels and is now at level 13!
You have reached level 8!
You feel agile.
The +1 spear of Dissatisfaction {freeze, *Slow rF- MP+9 Dex+8} glows with a
B - the +1 spear of Dissatisfaction (weapon)
{freeze, *Slow rF- MP+9 Dex+8} You feel more experienced!
Your Fighting skill gained 3 levels and is now at level 9!
Your Armour skill gained 3 levels and is now at level 9!
Your Shields skill gained 3 levels and is now at level 9!
You have reached level 9!
Your experience leads to an increase in your attributes!
Your base attributes are Str 23, Int 5, Dex 10.
Increase (S)trength, (I)ntelligence, or (D)exterity?
Uppercase letters only, please.
You feel clever.
Are you sure you want to abandon this character and quit the game? (Confirm

#...... ........ .......
..................
.................. .......
.......... .......
#....#..# ...# #....#..##
...##### #....#)..#
.......###....##@.#
.................>#
.......###....#####
..##<### #....# #.##(#
#...†############
#.##.#####...†...........#
.........................#
.........................#
.........................#


There were no monsters in sight!

Vanquished Creatures
  2 phantoms
  A centaur (D:5)
  2 ogres
  A bullfrog (D:5)
  A crimson imp (D:4)
  A bullfrog skeleton (D:5)
  A hound (D:4)
  An orc priest (D:3)
  An iguana (D:4)
  A worker ant (D:5)
  2 hound skeletons (D:4)
  11 gnolls
  6 adders
  An ooze (D:1)
  4 worms
  A dart slug (D:4)
  7 leopard geckos
  6 orcs
  A giant cockroach (D:4)
  4 goblins
  5 hobgoblins
  7 jackals
  6 kobolds
  2 quokkas
  A ball python (D:2)
  4 bats
  4 frilled lizards
  A leopard gecko skeleton (D:5)
  10 rats
95 creatures vanquished.

Notes
Turn   | Place    | Note
-------+----------+-------------------------------------------
     0 | D:1      | lysyklops the Minotaur Fighter began the quest for the Orb.
     0 | D:1      | Reached XP level 1. HP: 19/19 MP: 0/0
   112 | D:1      | Reached XP level 2. HP: 27/27 MP: 1/1
   545 | D:1      | Reached XP level 3. HP: 32/33 MP: 2/2
   752 | D:2      | Found a hide-covered altar of Uskayaw.
  1133 | D:2      | Found a bloodstained altar of Trog.
  1159 | D:1      | Reached XP level 4. HP: 32/41 MP: 3/3
  1670 | D:2      | Noticed an ogre
  1681 | D:2      | Killed an ogre
  1681 | D:2      | Reached XP level 5. HP: 17/47 MP: 4/4
  2215 | D:3      | Found a glowing golden altar of the Shining One.
  2218 | D:3      | Became a worshipper of the Shining One
  2279 | D:3      | Reached skill level 5 in Armour
  2350 | D:3      | Reached skill level 5 in Fighting
  2425 | D:3      | Noticed a phantom
  2473 | D:3      | Killed a phantom
  2473 | D:3      | Reached skill level 5 in Shields
  2473 | D:3      | Reached XP level 6. HP: 42/56 MP: 5/5
  3217 | D:4      | Found a radiant altar of Vehumet.
  3386 | D:4      | Reached skill level 5 in Long Blades
  3386 | D:4      | Reached XP level 7. HP: 55/62 MP: 6/6
  3472 | D:4      | Found a staircase to the Ecumenical Temple.
  3679 | D:5      | Entered Level 5 of the Dungeon
  3679 | D:5      | Reached * piety under the Shining One
  3708 | D:5      | Got a twisted spear
  3755 | D:5      | Identified the +1 spear of Dissatisfaction {freeze, *Slow
                  | rF- MP+9 Dex+8} (You found it on level 5 of the Dungeon)
  3988 | D:5      | Found a bloodstained altar of Trog.
  4204 | D:5      | Got a pair of pitted boots
  4210 | D:5      | Identified the cursed +0 pair of boots "Upurr" {+Blink
                  | Int+6 Slay-3} (You found it on level 5 of the Dungeon)
  4302 | D:5      | Reached skill level 13 in Maces & Flails
  4302 | D:5      | Reached XP level 8. HP: 65/71 MP: 7/7
  4304 | D:5      | Reached XP level 9. HP: 76/83 MP: 7/8
  4305 | D:5      | Quit the game

Skill      XL: |  1  2  3  4  5  6  7  8 |
---------------+-------------------------+-----
Fighting       | 4 5 6 9 |  9.1
Armour         | 4 5 6 9 |  9.1
Shields        | 4 5 6 9 |  9.0
Long Blades    | 3 4 5 |  5.8
Maces & Flails | 13 | 13.5

Action                   |  1- 3 |  4- 6 |  7- 9 || total
-------------------------+-------+-------+-------++-------
Melee: Long sword        |    73 |   126 |    66 ||   265
       Headbutt          |    13 |    19 |    13 ||    45
  Use: Scroll            |       |       |     4 ||     4
       Potion            |       |       |     2 ||     2
  Eat: Chunk             |     1 |     6 |     4 ||    11
Armor: Scale mail        |    35 |    47 |    23 ||   105
Dodge: Dodged            |    18 |    20 |    23 ||    61
Block: Shield            |    35 |    76 |    57 ||   168
       Rpst.: Long sword |     3 |     5 |     4 ||    12
